 Dungeon Crawl Stone Soup version 0.29.1-1-gd02db6906a (webtiles) character file.

Game seed: 17668509292086482120

8766 Linkola the Spear-Bearer (level 11, -15/94 HPs)
             Began as a Minotaur Fighter on Sept 28, 2022.
             Was a Priest of Wu Jian.
             Demolished by Erolcha
             ... wielding a +0 giant spiked club
              (21 damage)
             ... on level 9 of the Dungeon.
             The game lasted 00:31:35 (11224 turns).

Linkola the Spear-Bearer (Minotaur Fighter)        Turns: 11224, Time: 00:31:35

Health: -15/94     AC: 17    Str: 24    XL:     11   Next: 14%
Magic:  19/19      EV:  9    Int:  5    God:    Wu Jian [***...]
Gold:   581        SH: 10    Dex: 11    Spells: 10/10 levels left

rFire   . . .      SeeInvis .   a - +0 trident
rCold   + . .      Faith    .   u - +0 buckler of Calculation {Rampage Drain rN+ Slay+3}
rNeg    + + .      Spirit   .   c - +0 plate armour
rPois   .          Reflect  +   (helmet restricted)
rElec   .          Harm     .   y - +0 cloak
rCorr   .          Rampage  +   (no gloves)
Will    .....                   b - +1 pair of boots
Stlth   ..........              p - amulet of reflection
HPRegen 0.25/turn               n - ring of protection from cold
MPRegen 0.16/turn               B - ring "Tothoj" {rN+ MP+9}

@: mighty
A: horns 2, retaliatory headbutt
a: Renounce Religion, Wall Jump, Serpent's Lash


You were on level 9 of the Dungeon.
You worshipped Wu Jian.
Wu Jian was most pleased with you.
You visited 2 branches of the dungeon, and saw 10 of its levels.
You also visited: Ossuary and Bailey.

You collected 581 gold pieces.

Inventory:

Hand Weapons
 a - a +0 trident (weapon)
Missiles
 e - 9 stones (quivered)
 x - 4 boomerangs
Armour
 b - a +1 pair of boots (worn)
 c - a +0 plate armour (worn)
 u - the +0 buckler of Calculation (worn) {Rampage Drain rN+ Slay+3}
   (You found it on level 5 of the Dungeon)

   Slay:      It affects your accuracy & damage with ranged weapons and melee
   (+3).
   rN:        It protects you from negative energy.
   Drain:     It drains your maximum health when unequipped.
   Rampage:   It bestows one free step when moving towards enemies.
 y - a +0 cloak (worn)
Jewellery
 j - an amulet of the acrobat
 n - a ring of protection from cold (left hand)
 p - an amulet of reflection (around neck)
 B - the ring "Tothoj" (right hand) {rN+ MP+9}
   (You found it in a bailey)

   [ring of magical power]

   rN:        It protects you from negative energy.
   MP:        It affects your magic capacity (+9).
Wands
 f - a wand of quicksilver (16)
 r - a wand of flame (22)
 I - a wand of mindburst (18)
Scrolls
 k - 2 scrolls of fog
 o - 2 scrolls of silence
 q - 3 scrolls of teleportation
 s - 3 scrolls of fear
 t - 2 scrolls of blinking
 A - a scroll of poison
 F - a scroll of enchant armour
Potions
 g - 2 potions of magic
 i - 2 potions of invisibility
 l - 2 potions of heal wounds {unknown}
 m - 2 potions of haste
 v - 3 potions of ambrosia
 w - 4 potions of curing
 z - 3 potions of flight {unknown}
 C - a potion of cancellation {unknown}
 D - a potion of berserk rage {unknown}
 E - a potion of brilliance {unknown}
 G - a potion of resistance {unknown}


   Skills:
 + Level 8.0 Fighting
 + Level 11.4 Polearms
 * Level 7.1 Throwing
 + Level 9.0 Armour
 * Level 8.0 Dodging
 + Level 7.3 Shields


You had 10 spell levels left.
You didn't know any spells.
Your spell library contained the following spells:

 Spells                   Type           Power      Damage    Failure   Level
 Apportation              Tloc           0%         N/A       100%        1
 Beastly Appendage        Tmut           0%         N/A       100%        1
 Necrotise                Necr           0%         1d4       100%        1
 Summon Small Mammal      Summ           0%         N/A       100%        1
 Wereblood                Tmut           0%         N/A       100%        2
 Conjure Flame            Conj/Fire      0%         6-21      100%        3
 Ignite Poison            Fire/Tmut/Pois 0%         N/A       100%        3
 Spider Form              Tmut/Pois      0%         N/A       100%        3
 Sticky Flame             Conj/Fire      0%         2d3       100%        4
 Conjure Ball Lightning   Conj/Air       0%         3x3d6     100%        6
 Malign Gateway           Summ/Tloc      0%         N/A       100%        7
 Discord                  Hex            0%         N/A       100%        8
 Disjunction              Tloc           0%         N/A       100%        8
 Summon Horrible Things   Summ           0%         N/A       100%        8


Dungeon Overview and Level Annotations

Branches:
Dungeon (9/15)             Temple (1/1) D:4            Lair (0/5) D:8
Ossuary (visited)          Bailey (visited)
    Orc: D:9-12

Altars:
Ashenzari
Fedhas
Gozag
Hepliaklqana
Makhleb
Nemelex Xobeh
Okawaru
Ru
Trog
Uskayaw
Vehumet
Wu Jian
Xom
Yredelemnul
Zin

Shops:
D:7 [   D:9 ((=(

Annotations:
D:9 Erolcha


Innate Abilities, Weirdness & Mutations

You have a pair of horns on your head.
You reflexively headbutt those who attack you in melee.


Message History

With Pikel's spell broken, his former minions thank you for their freedom.
The lemure departs this earthly plane. x2
You feel extremely sick.
The scorpion stings you but does no damage.
Your Throwing skill increases to level 7!
You closely miss the scorpion. You headbutt the scorpion!
You kill the scorpion!
The scorpion's corpse disappears in a puff of smoke!
You feel sick.
You impale Amaemon!! You headbutt Amaemon!
Amaemon is almost dead.
You feel sick.
Amaemon gestures wildly while chanting.
You impale Amaemon!!
You kill Amaemon!
The Council accepts your kill.
The scorpion disappears in a puff of smoke!
You feel sick.
Your Fighting skill increases to level 8!
Your Armour skill increases to level 9!
Your Dodging skill increases to level 8!
You feel sick.
A fireball appears from out of thin air!
The fireball explodes!
The fireball engulfs you!
* * * LOW HITPOINT WARNING * * *
Things that are here:
a -1 demon whip of venom; a scroll of identify You feel sick.
You feel better.
You hear some strange, mumbled words.
A fireball appears from out of thin air!
The fireball explodes!
The fireball engulfs you.
* * * LOW HITPOINT WARNING * * *
Things that are here:
a -1 demon whip of venom; a scroll of identify Something hits you!
* * * LOW HITPOINT WARNING * * *
You puncture something! You puncture something! Your headbutt misses something.
Something hits you!!
You die...

###
##########################
..####
..........................
#.#..#
...#...#..)#..............
#....#
.........@)...............
..._.#
..........###.............
#....# #.#...##.#
#......#..#... ###..#
#........# #.............
#### #....##'##
##....###..... ......#..#
#.##.+ ####.# ..... #..#
#.##.# #.. ..... +.$#
#.##.# ####.. $. #.#####
#.....


There were no monsters in sight!

Vanquished Creatures
  Erica (D:9)
  Amaemon (D:9)
  Pikel (D:9)
  An orange demon (D:9)
  A shadow (D:6)
  5 wyverns
  13 yaks
  2 steam dragons
  2 basilisks
  A water moccasin (D:6)
  15 orc warriors
  A black bear (D:5)
  An ice beast (D:7)
  A sky beast (D:6)
  An ogre (D:5)
  2 centaurs (D:8)
  2 lemures (D:9)
  2 necrophages
  2 bullfrogs
  2 scorpions
  4 wights
  7 killer bees
  A jelly (D:5)
  A centaur zombie (Ossuary)
  3 hounds
  A gnoll bouda (D:5)
  5 orc priests
  An iguana (D:5)
  6 orc wizards
  2 mummies (Ossuary)
  5 gnolls (D:5)
  4 adders
  4 white imps
  A worm (D:3)
  3 dart slugs
  29 orcs
  6 endoplasms
  5 giant cockroaches
  3 gnoll zombies (Ossuary)
  5 goblins
  2 hobgoblins (D:1)
  2 quokkas (D:3)
  8 ball pythons
  3 bats
  2 frilled lizards
  A goblin zombie (Ossuary)
  3 hobgoblin zombies (Ossuary)
  4 kobolds
  8 rats
186 creatures vanquished.

Notes
Turn   | Place    | Note
-------+----------+-------------------------------------------
     0 | D:1      | Linkola the Minotaur Fighter began the quest for the Orb.
     0 | D:1      | Reached XP level 1. HP: 19/19 MP: 0/0
   229 | D:1      | Reached XP level 2. HP: 22/27 MP: 1/1
   556 | D:1      | Found a faded altar of an unknown god.
  1059 | D:1      | Reached XP level 3. HP: 33/33 MP: 2/2
  1214 | D:2      | Reached skill level 1 in Throwing
  1220 | D:2      | Reached skill level 1 in Dodging
  2035 | D:3      | Reached skill level 3 in Polearms
  2035 | D:3      | Reached XP level 4. HP: 35/40 MP: 3/3
  2695 | D:4      | Reached XP level 5. HP: 45/46 MP: 4/4
  2730 | D:4      | Reached skill level 4 in Polearms
  3033 | D:4      | Found a staircase to the Ecumenical Temple.
  3324 | Temple   | Entered the Ecumenical Temple
  3333 | Temple   | Became a worshipper of the Wu Jian Council
  3702 | D:5      | Entered Level 5 of the Dungeon
  3714 | D:5      | Reached XP level 6. HP: 53/53 MP: 5/5
  3756 | D:5      | Found a sand-covered staircase.
  3761 | Ossuary  | Entered an ossuary
  4202 | D:5      | Reached skill level 5 in Polearms
  4473 | D:5      | Reached skill level 5 in Armour
  4473 | D:5      | Reached XP level 7. HP: 60/60 MP: 6/6
  4568 | D:5      | You fall into a shaft and drop 1 floor!
  4671 | D:5      | Identified the +0 buckler of Calculation {Rampage Drain rN+
                  | Slay+3}
  5224 | D:6      | Noticed a yak
  5227 | D:6      | Noticed a yak
  5227 | D:6      | Noticed a yak
  5229 | D:6      | Noticed a yak
  5229 | D:6      | Noticed a yak
  5236 | D:6      | Reached skill level 6 in Polearms
  5237 | D:6      | Killed a yak
  5237 | D:6      | Reached * piety under Wu Jian
  5238 | D:6      | Reached skill level 5 in Fighting
  5239 | D:6      | Killed a yak
  5240 | D:6      | Reached XP level 8. HP: 44/68 MP: 7/7
  5244 | D:6      | Reached skill level 7 in Polearms
  6121 | D:6      | Reached skill level 5 in Dodging
  6624 | D:6      | Reached skill level 8 in Polearms
  6624 | D:6      | Reached XP level 9. HP: 66/75 MP: 8/8
  6667 | D:7      | Found Urap's Antique Armour Boutique.
  6675 | D:7      | Reached skill level 5 in Shields
  6925 | D:7      | Reached skill level 5 in Throwing
  6980 | D:7      | Found a flagged portal.
  7027 | Bailey   | Entered a bailey
  7371 | Bailey   | Reached ** piety under Wu Jian
  7406 | Bailey   | Reached skill level 9 in Polearms
  7970 | Bailey   | Identified the ring "Tothoj" {rN+ MP+9}
  8097 | D:7      | Found a hazy altar of Hepliaklqana.
  8140 | D:7      | Found a hide-covered altar of Uskayaw.
  8149 | D:7      | Found a sparkling altar of Nemelex Xobeh.
  8493 | D:8      | Reached XP level 10. HP: 71/84 MP: 9/9
  8513 | D:8      | Found a staircase to the Lair.
  8977 | D:8      | Reached skill level 10 in Polearms
  9961 | D:9      | Found Acesch's Weapon Emporium.
  9963 | D:9      | Noticed an orange demon
  9977 | D:9      | Killed an orange demon
 10031 | D:9      | Found a burning altar of Makhleb.
 10118 | D:9      | Found Voqy's Jewellery Shoppe.
 10144 | D:9      | Noticed Erica
 10161 | D:9      | Killed Erica
 10161 | D:9      | Reached *** piety under Wu Jian
 10162 | D:9      | Reached skill level 11 in Polearms
 10731 | D:9      | Reached XP level 11. HP: 89/94 MP: 10/10
 10821 | D:9      | Found Ceantily's Antique Weapon Shop.
 10990 | D:9      | Found Rutalux's Antique Weapon Shoppe.
 11185 | D:9      | Noticed Pikel
 11185 | D:9      | Noticed Erolcha
 11195 | D:9      | Noticed Amaemon
 11212 | D:9      | Killed Pikel
 11215 | D:9      | Killed Amaemon
 11224 | D:9      | Demolished by Erolcha

Illustrated notes

Levels and vault maps discovered:
D:1:      spicycebolla_green_bress_n_ham, layout_basic,
          dreamdust_ecumenical_altar_statues, serial_glass, glass_columns_a,
          glass_columns_a, nrook_uturn, grunt_decor_junction
D:2:      layout_rooms
D:3:      layout_basic, gup_sewer_entry_bowl
D:4:      layout_basic, minmay_temple_entry_crystal_x
D:5:      layout_basic, enter_ossuary_2, kennysheep_crisscross, kennysheep_boxes
D:6:      layout_layer_cave
D:7:      layout_rooms, kennysheep_mini_moat, mainiacjoe_overflow_swirl,
          enter_bailey_6, serial_shops, shop, nicolae_underground_beach
D:8:      layout_basic, david_lair_generic, serial_curves, eino_curves_03,
          eino_curves_02
D:9:      layout_stronghold, mainiacjoe_overflow_alcove_1, serial_shops, shop,
          nicolae_take_the_stairs, shop, nicolae_shop_waterfront, uniq_pikel,
          uniq_erolcha, uniq_erica, uniq_amaemon
Temple:   nicolae_temple_bog_church

Skill      XL: |  1  2  3  4  5  6  7  8  9 10 11 |
---------------+----------------------------------+-----
Shields        | 4 6 7 |  7.3
Armour         | 4 5 7 8 9 |  9.0
Throwing       | 1 2 3 4 5 6 7 |  7.1
Fighting       | 4 5 6 7 8 |  8.0
Dodging        | 1 2 4 5 6 7 8 |  8.0
Polearms       | 3 4 5 6 8 9 11 | 11.4

Action                   |  1- 3 |  4- 6 |  7- 9 | 10-12 || total
-------------------------+-------+-------+-------+-------++-------
Melee: Trident           |    89 |   124 |   239 |   215 ||   667
       Headbutt          |    13 |    26 |    39 |    51 ||   129
Throw: Stone             |     9 |    19 |    15 |    17 ||    60
       Dart              |    20 |     4 |    15 |     2 ||    41
Invok: Lunge             |       |     5 |     1 |       ||     6
       Whirlwind         |       |       |    43 |    22 ||    65
 Abil: Wall Jump         |       |       |       |     1 ||     1
  Use: Scroll            |     5 |     1 |     9 |     5 ||    20
       Potion            |       |       |     1 |     3 ||     4
Armor: Scale mail        |    18 |       |       |       ||    18
       Chain mail        |    10 |    32 |    21 |       ||    63
       Plate armour      |       |       |    70 |   106 ||   176
Dodge: Dodged            |    32 |    36 |    69 |    52 ||   189
Block: Buckler           |    24 |    19 |   105 |    93 ||   241
       Reflection        |       |       |    33 |     6 ||    39
